 Dungeon Crawl Stone Soup version 0.21.1-1-g345015fe64 (webtiles) character file.

86 Revguard the Slasher (level 4, -2/37 HPs)
             Began as a Draconian Gladiator on June 10, 2018.
             Was an Initiate of Yredelemnul.
             Slain by gorpus's ghost (5 damage)
             ... on level 3 of the Dungeon.
             The game lasted 00:06:59 (1434 turns).

Revguard the Slasher (Draconian Gladiator)          Turns: 1434, Time: 00:07:01

Health: -2/37      AC:  5    Str: 16    XL:     4   Next: 27%
Magic:  5/5        EV: 22    Int:  9    God:    Yredelemnul [......]
Gold:   121        SH:  0    Dex: 18    Spells: 5/5 levels left

rFire    . . .     SeeInvis +   a - +0 long sword
rCold    . . .     Gourm    .   (no shield)
rNeg     . . .     Faith    .   (armour unavailable)
rPois    .         Spirit   .   b - +0 hat
rElec    .         Reflect  .   (no cloak)
rCorr    .         Harm     .   (no gloves)
MR       .....                  (no boots)
Stlth    +++.......             (no amulet)
HPRegen  0.12/turn              f - +3 ring of evasion
MPRegen  0.09/turn              h - ring of see invisible

@: agile
A: unfitting armour, cold-blooded, AC +5
a: Renounce Religion


You were on level 3 of the Dungeon.
You worshipped Yredelemnul.
Yredelemnul was noncommittal.
You were not hungry.

You visited 1 branch of the dungeon, and saw 3 of its levels.

You collected 121 gold pieces.

Inventory:

Hand Weapons
 a - a +0 long sword (weapon)
Missiles
 c - 3 throwing nets (quivered)
Armour
 b - a +0 hat (worn)
Jewellery
 f - a +3 ring of evasion (left hand)
 h - a ring of see invisible (right hand)
 j - an uncursed amulet of the gourmand
Scrolls
 g - a scroll of magic mapping {unknown}
 i - a scroll of teleportation {unknown}
 l - 2 scrolls of identify {unknown}
 m - a scroll of blinking {unknown}
Comestibles
 d - 3 rations


   Skills:
 + Level 2.7 Fighting
 + Level 4.1 Long Blades
 - Level 1.7 Throwing
 + Level 3.1 Dodging
 + Level 0.1 Stealth
 - Level 1.3 Spellcasting


You had 5 spell levels left.
You didn't know any spells.

Dungeon Overview and Level Annotations

Branches:
Dungeon (3/15)

Altars:
Sif Muna
Yredelemnul

Annotations:
D:3 gorpus's ghost, novice OpNe


Innate Abilities, Weirdness & Mutations

Your plain brown scales are hard. (AC +5)
You cannot fit into any form of body armour.
You are cold-blooded and may be slowed by cold attacks.


Message History

It was a potion of lignification.
You turn into a tree.
Your +0 hat melds into your body.
Your roots penetrate the ground.
Gorpus's ghost hits you but does no damage.
It was a potion of cancellation.
Your magical effects are unravelling.
You feel magically purged.
You feel less wooden.
Your +0 hat unmelds from your body.
Gorpus's ghost hits you.
* * * LOW HITPOINT WARNING * * *
It was a potion of agility.
You feel agile all of a sudden. Gorpus's ghost misses you.
You hit gorpus's ghost but do no damage.
Gorpus's ghost is lightly damaged.
Gorpus's ghost stares at you and mumbles some strange words.
Pain shoots through your body!
* * * LOW HITPOINT WARNING * * *
Gorpus's ghost hits you.
You die...
Your body rises from the dead as a mindless zombie.

#)##.# ###.....
#..#.####...###
##.#..##...<..#
#..#.)...###...#
##.##......#
#...#
#.###.##..# #..
#.###.# ...# .
#..##.# #...#
##@W..# #..#
####...# ...#
#.#... ... #.#
#.


You could see gorpus's ghost.

Vanquished Creatures
  Jessica (D:2)
  An adder (D:2)
  An ooze (D:1)
  A dart slug (D:1)
  A leopard gecko (D:1)
  2 ball pythons (D:2)
  5 giant cockroaches
  5 goblins (D:1)
  6 hobgoblins
  2 jackals (D:1)
  7 bats
  3 kobolds
  5 rats
40 creatures vanquished.

Notes
Turn   | Place    | Note
-------+----------+-------------------------------------------
     0 | D:1      | Revguard the Draconian Gladiator began the quest for the Orb.
     0 | D:1      | Reached XP level 1. HP: 17/17 MP: 1/1
   126 | D:1      | Reached XP level 2. HP: 25/25 MP: 2/2
   499 | D:1      | Reached XP level 3. HP: 30/30 MP: 4/4
   847 | D:2      | Reached skill level 1 in Spellcasting
   921 | D:2      | Noticed Jessica
   926 | D:2      | Killed Jessica
   926 | D:2      | Reached XP level 4. HP: 37/37 MP: 5/5
   929 | D:2      | Reached skill level 4 in Long Blades
  1147 | D:2      | Found a basalt altar of Yredelemnul.
  1156 | D:2      | Became a worshipper of Yredelemnul the Dark
  1329 | D:2      | Found a deep blue altar of Sif Muna.
  1420 | D:3      | Noticed gorpus's ghost (novice OpNe)
  1424 | D:3      | HP: 1/37 [gorpus's ghost (19)]
  1434 | D:3      | Slain by gorpus's ghost

Skill      XL: |  1  2  3  4 |
---------------+-------------+-----
Dodging        | 3 |  3.1
Spellcasting   | 1 |  1.3
Long Blades    | 4 |  4.1
Fighting       | |  2.7
Throwing       | |  1.7
Stealth        | |  0.1

Action                   |  1- 3 |  4- 6 || total
-------------------------+-------+-------++-------
Melee: Long sword        |    53 |    30 ||    83
       Tailslap          |     9 |     2 ||    11
  Use: Potion            |       |     4 ||     4
       Scroll            |       |     1 ||     1
 Stab: Sleeping          |     1 |       ||     1
  Eat: Ration            |       |     1 ||     1
Armor: Skin              |    22 |    12 ||    34
Dodge: Dodged            |    62 |    37 ||    99
       Rpst.: Long sword |    18 |     9 ||    27
